TOP OF THE 1ST |
Salem Silver Souls batting - Pitching for New Hampshire Fisher Cats : LHP Paul Adams
|
Pitching: LHP Paul Adams
|
|
Batting: RHB Jesús Gutiérrez
|
0-0: Called Strike 0-1: Called Strike 0-2: Ball 1-2: Strikes out looking
|
Batting: LHB Bill Smith
|
0-0: Ground out 4-3 (Groundball, 4)
|
Batting: RHB Ron Edwards
|
0-0: Foul Ball, location: 2F 0-1: Ball 1-1: Ball 2-1: Foul Ball, location: 2F 2-2: SOLO HOME RUN (Flyball, 9LD), Distance : 351 ft
|
Batting: SHB Todd Smith
|
0-0: Ground out 5-3 (Groundball, 5L)
|
Top of the 1st over - 1 run(s), 1 hit(s), 0 error(s), 0 left on base; Salem 1 - New Hampshire 0 |
BOTTOM OF THE 1ST |
New Hampshire Fisher Cats batting - Pitching for Salem Silver Souls : RHP Clark Noble
|
Pitching: RHP Clark Noble
|
|
Batting: RHB Billy Campbell
|
0-0: Called Strike 0-1: Ball 1-1: Ball 2-1: SINGLE (Line Drive, 6MD)
|
Batting: RHB Santiago Vallés
|
0-0: Ball 1-0: Fly out, F7 (Flyball, 78D)
|
Batting: LHB Don Ramey
|
0-0: Ball 1-0: Foul Ball, location: 2F 1-1: Ball 2-1: Foul Ball, location: 2F 2-2: Ball 3-2: Base on Balls Billy Campbell to second
|
Batting: RHB Lu-fang Huie
|
0-0: Foul Ball, location: 2F 0-1: Foul Ball, location: 2F 0-2: Foul Ball, location: 2F 0-2: Foul Ball, location: 2F 0-2: Ball 1-2: Foul Ball, location: 2F 1-2: Foul Ball, location: 2F 1-2: Grounds into double play, 6-4-3 (Groundball, 6)
|
Bottom of the 1st over - 0 run(s), 1 hit(s), 0 error(s), 1 left on base; Salem 1 - New Hampshire 0 |
TOP OF THE 2ND |
Salem Silver Souls batting - Pitching for New Hampshire Fisher Cats : LHP Paul Adams
|
Batting: LHB Jeff Doss
|
0-0: Called Strike 0-1: Called Strike 0-2: Hit by Pitch
|
Batting: LHB Raúl Cordero
|
0-0: Foul Ball, location: 2F 0-1: Foul Ball, location: 2F 0-2: Fly out, F9 (Line Drive, 89M)
|
Batting: RHB Juan López
|
0-0: Ball Jeff Doss steals 2nd base 1-0: Ball 2-0: Ball 3-0: Base on Balls
|
Batting: RHB Alejandro Martínez
|
0-0: Called Strike 0-1: Foul Ball, location: 2F 0-2: Ball 1-2: Strikes out swinging
|
Batting: SHB Francis Shaffer
|
0-0: Fly out, F8 (Flyball, 8RS)
|
Top of the 2nd over - 0 run(s), 0 hit(s), 0 error(s), 2 left on base; Salem 1 - New Hampshire 0 |
BOTTOM OF THE 2ND |
New Hampshire Fisher Cats batting - Pitching for Salem Silver Souls : RHP Clark Noble
|
Batting: LHB Cam Flowers
|
0-0: Ball 1-0: Swinging Strike 1-1: Called Strike 1-2: Foul Ball, location: 2F 1-2: Strikes out looking
|
Batting: RHB Felipe Rivas
|
0-0: Swinging Strike 0-1: Foul Ball, location: 2F 0-2: Foul Ball, location: 2F 0-2: Fly out, F8 (Flyball, 8LXD)
|
Batting: SHB Keith Gratton
|
0-0: Ball 1-0: Ball 2-0: Ball 3-0: Called Strike 3-1: Foul Ball, location: 2F 3-2: Foul Ball, location: 2F 3-2: Base on Balls
|
Batting: RHB Chris Parker
|
0-0: Called Strike 0-1: Foul Ball, location: 2F 0-2: Ball 1-2: Ball 2-2: Strikes out swinging
|
Bottom of the 2nd over - 0 run(s), 0 hit(s), 0 error(s), 1 left on base; Salem 1 - New Hampshire 0 |
TOP OF THE 3RD |
Salem Silver Souls batting - Pitching for New Hampshire Fisher Cats : LHP Paul Adams
|
Batting: RHB Jesús Gutiérrez
|
0-0: Called Strike 0-1: Ball 1-1: DOUBLE (Line Drive, 5D)
|
Batting: LHB Bill Smith
|
0-0: Swinging Strike 0-1: Swinging Strike 0-2: Ball 1-2: Ground out 4-3 (Groundball, 34) Jesús Gutiérrez to third
|
Batting: RHB Ron Edwards
|
0-0: Called Strike 0-1: Ball 1-1: Ball 2-1: Foul Ball, location: 2F 2-2: Ground out 4-3 (Groundball, 4) Jesús Gutiérrez scores
|
Batting: SHB Todd Smith
|
0-0: Ball 1-0: Called Strike 1-1: Ball 2-1: Foul Ball, location: 2F 2-2: Strikes out swinging
|
Top of the 3rd over - 1 run(s), 1 hit(s), 0 error(s), 0 left on base; Salem 2 - New Hampshire 0 |
BOTTOM OF THE 3RD |
New Hampshire Fisher Cats batting - Pitching for Salem Silver Souls : RHP Clark Noble
|
Batting: RHB Júlio Trinidad
|
0-0: Fly out, F7 (Flyball, 78XD)
|
Batting: RHB Billy Campbell
|
0-0: Called Strike 0-1: Called Strike 0-2: Foul Ball, location: 2F 0-2: DOUBLE (Line Drive, 5L)
|
Batting: RHB Santiago Vallés
|
0-0: Ball 1-0: SINGLE (Line Drive, 56) Billy Campbell to third
|
Batting: LHB Don Ramey
|
0-0: Ball 1-0: Ball 2-0: SINGLE (Line Drive, 34) Billy Campbell scores Santiago Vallés to second
|
Batting: RHB Lu-fang Huie
|
0-0: Grounds into double play, 6-4-3 (Groundball, 6)
|
Bottom of the 3rd over - 1 run(s), 3 hit(s), 0 error(s), 1 left on base; Salem 2 - New Hampshire 1 |
TOP OF THE 4TH |
Salem Silver Souls batting - Pitching for New Hampshire Fisher Cats : LHP Paul Adams
|
Batting: LHB Jeff Doss
|
0-0: Ball 1-0: Called Strike 1-1: Swinging Strike 1-2: Foul Ball, location: 2F 1-2: Ball 2-2: Foul Ball, location: 2F 2-2: Foul Ball, location: 2F 2-2: Strikes out swinging
|
Batting: LHB Raúl Cordero
|
0-0: Foul Ball, location: 2F 0-1: Called Strike 0-2: Ball 1-2: Strikes out swinging
|
Batting: RHB Juan López
|
0-0: Ball 1-0: Ball 2-0: Swinging Strike 2-1: Ball 3-1: Fly out, F8 (Flyball, 8RD)
|
Top of the 4th over - 0 run(s), 0 hit(s), 0 error(s), 0 left on base; Salem 2 - New Hampshire 1 |
BOTTOM OF THE 4TH |
New Hampshire Fisher Cats batting - Pitching for Salem Silver Souls : RHP Clark Noble
|
Batting: LHB Cam Flowers
|
0-0: Swinging Strike 0-1: DOUBLE (Line Drive, 3L)
|
Batting: RHB Felipe Rivas
|
0-0: Ball 1-0: Ball 2-0: Ball 3-0: Base on Balls
|
Batting: SHB Keith Gratton
|
0-0: Grounds into double play, 5-4-3 (Groundball, 5) Cam Flowers to third
|
Batting: RHB Chris Parker
|
0-0: Fly out, F9 (Flyball, 9S)
|
Bottom of the 4th over - 0 run(s), 1 hit(s), 0 error(s), 1 left on base; Salem 2 - New Hampshire 1 |
TOP OF THE 5TH |
Salem Silver Souls batting - Pitching for New Hampshire Fisher Cats : LHP Paul Adams
|
Batting: RHB Alejandro Martínez
|
0-0: Called Strike 0-1: Foul Ball, location: 2F 0-2: Foul Ball, location: 2F 0-2: Ball 1-2: Ball 2-2: Ball 3-2: Foul Ball, location: 2F 3-2: Base on Balls
|
Batting: SHB Francis Shaffer
|
0-0: Ball 1-0: Swinging Strike 1-1: Swinging Strike 1-2: Ground out 5-3 (Groundball, 5S) Alejandro Martínez to second
|
Batting: RHB Jesús Gutiérrez
|
0-0: Fly out, F4 (Line Drive, 4) 0-0: Lined into DP, 4-6 (Line Drive, 4)
|
Top of the 5th over - 0 run(s), 0 hit(s), 0 error(s), 0 left on base; Salem 2 - New Hampshire 1 |
BOTTOM OF THE 5TH |
New Hampshire Fisher Cats batting - Pitching for Salem Silver Souls : RHP Clark Noble
|
Batting: RHB Júlio Trinidad
|
0-0: Ball 1-0: Swinging Strike 1-1: Ball 2-1: Ball 3-1: Base on Balls
|
Batting: RHB Billy Campbell
|
Pickoff Throw to First - Out! 0-0: SOLO HOME RUN (Flyball, 7D), Distance : 391 ft
|
Batting: RHB Santiago Vallés
|
0-0: Ground out 5-3 (Groundball, 5S)
|
Batting: LHB Don Ramey
|
0-0: Ball 1-0: Fly out, F4 (Popup, 4MD)
|
Bottom of the 5th over - 1 run(s), 1 hit(s), 0 error(s), 0 left on base; Salem 2 - New Hampshire 2 |
TOP OF THE 6TH |
Salem Silver Souls batting - Pitching for New Hampshire Fisher Cats : LHP Paul Adams
|
Batting: LHB Bill Smith
|
0-0: Foul Ball, location: 2F 0-1: Swinging Strike 0-2: Foul Ball, location: 2F 0-2: Ball 1-2: Ball 2-2: Foul Ball, location: 2F 2-2: Foul Ball, location: 2F 2-2: Fly out, F5 (Popup, 5)
|
Batting: RHB Ron Edwards
|
0-0: Ball 1-0: Called Strike 1-1: Called Strike 1-2: Ground out 6-3 (Groundball, 6)
|
Batting: SHB Todd Smith
|
0-0: Called Strike 0-1: Ground out 6-3 (Groundball, 6M)
|
Top of the 6th over - 0 run(s), 0 hit(s), 0 error(s), 0 left on base; Salem 2 - New Hampshire 2 |
BOTTOM OF THE 6TH |
New Hampshire Fisher Cats batting - Pitching for Salem Silver Souls : RHP Clark Noble
|
Batting: RHB Lu-fang Huie
|
0-0: Ball 1-0: Called Strike 1-1: Fly out, F8 (Flyball, 8LXD)
|
Batting: LHB Cam Flowers
|
0-0: Foul Ball, location: 2F 0-1: Ball 1-1: Swinging Strike 1-2: Ball 2-2: Strikes out swinging
|
Batting: RHB Felipe Rivas
|
0-0: Called Strike 0-1: Ball 1-1: Ball 2-1: Swinging Strike 2-2: DOUBLE (Flyball, 8RXD)
|
Batting: SHB Keith Gratton
|
0-0: Called Strike 0-1: Foul Ball, location: 2F 0-2: Ball 1-2: Foul Ball, location: 2F 1-2: Ball 2-2: Foul Ball, location: 2F 2-2: Ball 3-2: Strikes out looking
|
Bottom of the 6th over - 0 run(s), 1 hit(s), 0 error(s), 1 left on base; Salem 2 - New Hampshire 2 |
TOP OF THE 7TH |
Salem Silver Souls batting - Pitching for New Hampshire Fisher Cats : LHP Paul Adams
|
Pinch Hitting: RHB Gabriel Miranda
|
0-0: Called Strike 0-1: Swinging Strike 0-2: Strikes out swinging
|
Batting: LHB Raúl Cordero
|
0-0: Ball 1-0: Ball 2-0: Called Strike 2-1: Called Strike 2-2: Strikes out swinging
|
Batting: RHB Juan López
|
0-0: Ball 1-0: Called Strike 1-1: Fly out, F9 (Flyball, 9M)
|
Top of the 7th over - 0 run(s), 0 hit(s), 0 error(s), 0 left on base; Salem 2 - New Hampshire 2 |
BOTTOM OF THE 7TH |
New Hampshire Fisher Cats batting - Pitching for Salem Silver Souls : RHP Clark Noble
|
Pitching: RHP Dave Woods
|
|
Now at 2B: Félix García
|
|
Batting: RHB Chris Parker
|
0-0: Ball 1-0: Called Strike 1-1: Foul Ball, location: 2F 1-2: Foul Ball, location: 2F 1-2: Ball 2-2: Strikes out swinging
|
Batting: RHB Júlio Trinidad
|
0-0: SINGLE (Groundball, 56D)
|
Batting: RHB Billy Campbell
|
0-0: Ball 1-0: Called Strike 1-1: Ball 2-1: Grounds into double play, 4-6-3 (Groundball, 4)
|
Bottom of the 7th over - 0 run(s), 1 hit(s), 0 error(s), 0 left on base; Salem 2 - New Hampshire 2 |
TOP OF THE 8TH |
Salem Silver Souls batting - Pitching for New Hampshire Fisher Cats : LHP Paul Adams
|
Pitching: RHP Takechi Sayuki
|
|
Batting: RHB Alejandro Martínez
|
0-0: Called Strike 0-1: Foul Ball, location: 2F 0-2: Ball 1-2: Foul Ball, location: 2F 1-2: Strikes out looking
|
Pinch Hitting: RHB Lonson Seals
|
0-0: Ball 1-0: Fly out, F9 (Flyball, 89D)
|
Pinch Hitting: LHB Millard Dye
|
0-0: Swinging Strike 0-1: Ball 1-1: Ball 2-1: Swinging Strike 2-2: Strikes out looking
|
Top of the 8th over - 0 run(s), 0 hit(s), 0 error(s), 0 left on base; Salem 2 - New Hampshire 2 |
BOTTOM OF THE 8TH |
New Hampshire Fisher Cats batting - Pitching for Salem Silver Souls : RHP Dave Woods
|
Now at 3B: Willie Houk
|
|
Now at SS: Augusto Baiano
|
|
Batting: RHB Santiago Vallés
|
0-0: Swinging Strike 0-1: Ground out 4-3 (Groundball, 4)
|
Pitching: LHP Pat Candelária
|
|
Batting: LHB Don Ramey
|
0-0: Ball 1-0: Ball 2-0: Swinging Strike 2-1: Called Strike 2-2: Ground out U3 (Groundball, 3)
|
Batting: RHB Lu-fang Huie
|
0-0: Called Strike 0-1: Ball 1-1: Called Strike 1-2: Foul Ball, location: 2F 1-2: Strikes out looking
|
Bottom of the 8th over - 0 run(s), 0 hit(s), 0 error(s), 0 left on base; Salem 2 - New Hampshire 2 |
TOP OF THE 9TH |
Salem Silver Souls batting - Pitching for New Hampshire Fisher Cats : RHP Takechi Sayuki
|
Pitching: RHP Grady Connolly
|
|
Batting: LHB Bill Smith
|
0-0: Ball 1-0: Ground out 4-3 (Groundball, 4)
|
Batting: RHB Ron Edwards
|
0-0: Ball 1-0: Called Strike 1-1: Foul Ball, location: 2F 1-2: Strikes out swinging
|
Batting: SHB Todd Smith
|
0-0: Ground out 6-3 (Groundball, 6M)
|
Top of the 9th over - 0 run(s), 0 hit(s), 0 error(s), 0 left on base; Salem 2 - New Hampshire 2 |
BOTTOM OF THE 9TH |
New Hampshire Fisher Cats batting - Pitching for Salem Silver Souls : LHP Pat Candelária
|
Pitching: RHP Javier Valenzuela
|
|
Batting: LHB Cam Flowers
|
0-0: Called Strike 0-1: Ground out 4-3 (Groundball, 4M)
|
Batting: RHB Felipe Rivas
|
0-0: Ball 1-0: Ball 2-0: Ground out U3 (Groundball, 3)
|
Batting: SHB Keith Gratton
|
0-0: Called Strike 0-1: Ball 1-1: Ball 2-1: Called Strike 2-2: Ball 3-2: Foul Ball, location: 2F 3-2: Foul Ball, location: 2F 3-2: Strikes out swinging
|
Bottom of the 9th over - 0 run(s), 0 hit(s), 0 error(s), 0 left on base; Salem 2 - New Hampshire 2 |
TOP OF THE 10TH |
Salem Silver Souls batting - Pitching for New Hampshire Fisher Cats : RHP Grady Connolly
|
Batting: RHB Félix García
|
0-0: Ground out 5-3 (Groundball, 5L)
|
Batting: LHB Raúl Cordero
|
0-0: Called Strike 0-1: Ball 1-1: Ball 2-1: Called Strike 2-2: Ball 3-2: Strikes out swinging
|
Batting: RHB Juan López
|
0-0: Called Strike 0-1: Ball 1-1: Swinging Strike 1-2: Strikes out swinging
|
Top of the 10th over - 0 run(s), 0 hit(s), 0 error(s), 0 left on base; Salem 2 - New Hampshire 2 |
BOTTOM OF THE 10TH |
New Hampshire Fisher Cats batting - Pitching for Salem Silver Souls : RHP Javier Valenzuela
|
Batting: RHB Chris Parker
|
0-0: Called Strike 0-1: Ball 1-1: Ball 2-1: Ball 3-1: Base on Balls
|
Pinch Runner at 1st Mitsuoki Taguchi:
|
|
Batting: RHB Júlio Trinidad
|
0-0: Ball 1-0: Ball 2-0: Ball 3-0: Base on Balls Mitsuoki Taguchi to second
|
Batting: RHB Billy Campbell
|
0-0: Fly out, F8 (Flyball, 8LS)
|
Batting: RHB Santiago Vallés
|
0-0: Fly out, F8 (Flyball, 8LXD) Runner from 2nd tags up, SAFE at 3rd, no throw
|
Batting: LHB Don Ramey
|
0-0: Ball 1-0: Ball 2-0: Ball 3-0: Base on Balls Júlio Trinidad to second
|
Batting: RHB Lu-fang Huie
|
0-0: Ball 1-0: Called Strike 1-1: Swinging Strike 1-2: Ball 2-2: Ball 3-2: Foul Ball, location: 2F 3-2: Strikes out swinging
|
Bottom of the 10th over - 0 run(s), 0 hit(s), 0 error(s), 3 left on base; Salem 2 - New Hampshire 2 |
TOP OF THE 11TH |
Salem Silver Souls batting - Pitching for New Hampshire Fisher Cats : RHP Grady Connolly
|
Batting: RHB Alejandro Martínez
|
0-0: Called Strike 0-1: Ball 1-1: Fly out, F9 (Flyball, 9S)
|
Batting: RHB Augusto Baiano
|
0-0: Called Strike 0-1: Swinging Strike 0-2: Foul Ball, location: 2F 0-2: Ball 1-2: Ball 2-2: Foul Ball, location: 2F 2-2: Ball 3-2: Strikes out swinging
|
Pinch Hitting: LHB Ezechiele Bruno
|
0-0: Called Strike 0-1: Called Strike 0-2: Strikes out swinging
|
Top of the 11th over - 0 run(s), 0 hit(s), 0 error(s), 0 left on base; Salem 2 - New Hampshire 2 |
BOTTOM OF THE 11TH |
New Hampshire Fisher Cats batting - Pitching for Salem Silver Souls : RHP Javier Valenzuela
|
Pitching: RHP Pat Wyatt
|
|
Now at 3B: Alejandro Rodríguez
|
|
Batting: LHB Cam Flowers
|
0-0: Ball 1-0: Ground out U3 (Groundball, 3S)
|
Batting: RHB Felipe Rivas
|
0-0: Called Strike 0-1: Ball 1-1: Ball 2-1: Foul Ball, location: 2F 2-2: Ball 3-2: Base on Balls
|
Batting: SHB Keith Gratton
|
0-0: Ball 1-0: Fly out, F7 (Flyball, 7LS)
|
Batting: RHB Mitsuoki Taguchi
|
0-0: Called Strike 0-1: Ball 1-1: Ball 2-1: DOUBLE (Groundball, 3L) Felipe Rivas to third Runner from 3rd tries for Home, SAFE, no throw or cutoff
|
|